Cogmind - Beta 16 @@@ ROGUE MODE // 2026.01.03 @ 00:27:56 Player: KZ_RAD Result: Destroyed by G-34 Mercenary with Small Laser Performance ------------- Evolutions (1) 500 Regions Visited (2) 400 Robots Destroyed (14) 70 Value Destroyed (220) 220 Prototype IDs (3) 60 Alien Tech Used (0) 0 Bonus (0) 0 TOTAL SCORE: 1250 Bonus ------- None Cogmind --------- Core Integrity 0/400 Matter 279/300 Energy 44/100 System Corruption 0% Temperature Cool (6) Movement Core (50) Location -9/Materials Parts ------- > --- POWER (1) -------- (None) > --- PROPULSION (2) --- (None) > --- UTILITY (4) ------ Small Storage Unit Advanced Weight Redist. System > --- WEAPON (2) ------- Light Assault Rifle > --- INVENTORY (8) ---- (None) Peak State ------------ > --- POWER ------------ (None) > --- PROPULSION ------- (None) > --- UTILITY ---------- Advanced Weight Redist. System Hardened Light Armor Plating > --- WEAPON ----------- Light Assault Rifle Light Assault Rifle > --- INVENTORY -------- Light Assault Rifle [Rating: 7] Favorites ----------- Power None Propulsion None Utility Advanced Weight Redist. System Device Advanced Weight Redist. System Storage Small Storage Unit Protection Medium Armor Plating Weapon Light Assault Rifle Ballistic Gun Light Assault Rifle Special Weapon Mining Laser Special Melee Weapon Datajack Build | -11 -10 -9 ------- Run | Yrd Mat Mat Slots Evolved 2 | . . 2 Power . | . . . Propulsion . | . . . Utility 2 | . . 2 Weapon . | . . . Parts Attached 15 | 2 5 8 Power . | . . . Engine . | . . . Core . | . . . Reactor . | . . . Propulsion . | . . . Treads . | . . . Leg . | . . . Wheel . | . . . Hover . | . . . Flight . | . . . Utility 6 | . . 6 Device 3 | . . 3 Storage 1 | . . 1 Processor . | . . . Hackware . | . . . Protection 2 | . . 2 Artifact . | . . . Weapon 9 | 2 5 2 Energy Gun . | . . . Energy Cannon . | . . . Ballistic Gun 6 | 1 3 2 Ballistic Cannon . | . . . Launcher . | . . . Special Weapon 1 | 1 . . Impact Weapon . | . . . Slashing Weapon . | . . . Piercing Weapon . | . . . Special Melee Weapon 2 | . 2 . Unidentified Prototypes . | . . . Parts Lost 8 | . 2 6 Power . | . . . Propulsion . | . . . Utility 3 | . . 3 Weapon 5 | . 2 3 Highest Loss Streak 4 | . 2 4 To Critical Strikes . | . . . Average Backups . | . . . Power . | . . . Propulsion . | . . . Utility . | . . . Weapon . | . . . Tool/Special . | . . . Unused Backups 2 | . 2 . Power . | . . . Propulsion . | . . . Utility 2 | . 2 . Weapon . | . . . Tool/Special . | . . . Average Slot Usage (%) 28 | . 22 32 Device 2 | . . 3 Storage 1 | . . 3 Protection 2 | . . 4 Ballistic Gun 18 | . 15 21 Special Melee Weapon 2 | . 5 . Peak Build Rating 7 | 2 2 7 Average Rating 2 | . 1 4 On Entrance 1 | . 2 2 Avg Prop Armor Cover (%) . | . . . Naked Turns 10 | . 10 . Heaviest Build 9 | 2 2 9 Greatest Support 12 | 3 3 12 Greatest Overweight (x) 2 | . . 2 Average Overweight (x) . | . . . Largest Inventory Capacity 8 | 5 5 8 Average Capacity 5 | 5 5 5 Most Carried 3 | 1 3 2 Average Carried . | . . . Final Capacity 8 | 5 5 8 Final Carried . | . . . Class Distribution -------------------- 100% | Mutant Dominant Class ---------------- Mutant | -10/Materials Mutant | -9/Materials Resources | -11 -10 -9 ----------- Run | Yrd Mat Mat Matter Collected 385 | 219 85 81 Remotely . | . . . Salvage Created 302 | 29 164 109 Parts 27 | 2 12 13 Haulers Intercepted . | . . . Recyclers Shooed . | . . . Parts Field Recycled . | . . . Retrieved Matter . | . . . Parts Self-Destructed . | . . . Prevented . | . . . Parts Restored . | . . . Kills | -11 -10 -9 ------- Run | Yrd Mat Mat Combat Hostiles Destroyed 13 | . 7 6 Melee 1 | . 1 . Guns 12 | . 6 6 Classes Destroyed 4 | 1 2 1 Tunneler 1 | 1 . . Swarmer 10 | . 5 5 Grunt 2 | . 2 . Sentry 1 | . . 1 Best Kill Streak 6 | 1 5 6 Combat Bots Only 6 | . 5 6 Max Kills in Single Turn 1 | 1 1 1 Gunslinging . | . . . Exploded . | . . . Melee 1 | . 1 . Uniques/NPCs Destroyed . | . . . Combat | -11 -10 -9 -------- Run | Yrd Mat Mat Hostile Shots Fired 205 | . 62 143 Missed 56 | . 16 40 Hits 149 | . 46 103 Projectile 149 | . 46 103 Critical Strikes 3 | . . 3 Damage Taken 1433 | . 396 1037 Core 628 | . 227 401 Absorbed by Shields . | . . . Core Remaining (%) 54 | 100 9 . Volleys Fired 66 | 9 35 22 Largest 2 | 1 1 2 Hottest 40 | 20 20 40 Shots Fired 81 | 9 35 37 Gun 81 | 9 35 37 Cannon . | . . . Launcher . | . . . Special . | . . . Kinetic 81 | 9 35 37 Thermal . | . . . Explosive . | . . . Electromagnetic . | . . . Robot Hit Streak 7 | 2 7 6 Robot Miss Streak 8 | 6 8 2 Penetration Max . | . . . Secondary Targets . | . . . Shots Hit Robots 51 | 3 23 25 Core Hits 28 | 2 15 11 Critical Kills . | . . . Critical Parts Destroyed 1 | . 1 . Critical Strikes 1 | . 1 . Destroy 1 | . 1 . Melee Attacks . | . . . Impact . | . . . Slashing . | . . . Piercing . | . . . Sneak Attacks . | . . . Combat Hostiles . | . . . Follow-up Attacks . | . . . Damage Inflicted 456 | 19 188 249 Guns 446 | 19 178 249 Cannons . | . . . Explosions . | . . . Melee . | . . . Ramming 10 | . 10 . Kinetic 446 | 19 178 249 Thermal . | . . . Explosive . | . . . Electromagnetic . | . . . Impact . | . . . Slashing . | . . . Piercing . | . . . Highest Corruption . | . . . Average Corruption . | . . . Corruption Purged . | . . . Corruption Blocked . | . . . Overload Shots . | . . . Overflow Damage . | . . . Projectiles . | . . . Explosions . | . . . Melee . | . . . Knockbacks . | . . . Impact . | . . . Kinetic . | . . . Secondary . | . . . Self-Inflicted Damage 5 | . 5 . Shots . | . . . Rammed 4 | . 4 . Targets Rammed 4 | . 4 . Kicked . | . . . Crushed . | . . . Highest Temperature 24 | . 1 24 Average Temperature 7 | . 1 9 Received Heat Transfer 366 | . 30 336 Siege Activations . | . . . Martial Activations . | . . . Shielding Activations . | . . . Robots Disrupted . | . . . Combat Hostiles . | . . . Robots Corrupted . | . . . Combat Hostiles . | . . . Parts Fried . | . . . Impact Corruptions . | . . . Robots Melted . | . . . Combat Hostiles . | . . . Parts Melted . | . . . Heat Transferred . | . . . Parts Sabotaged . | . . . Parts Stolen . | . . . Parts Stripped . | . . . Power Chain Reactions . | . . . Alert | -11 -10 -9 ------- Run | Yrd Mat Mat Maximum Alert Level . | . . . Low Security (%) 100 | 100 100 100 Level 1 . | . . . Level 2 . | . . . Level 3 . | . . . Level 4 . | . . . Level 5 . | . . . High Security . | . . . Max Security . | . . . Peak Influence 130 | 5 130 80 Initial 3 | . 3 . Average 30 | . 32 34 Influence Increases 369 | 5 190 174 Destroy 0b10 Robot/C 260 | . 140 120 Destroy 0b10 Robot/NC 5 | 5 . . Destroy Leader 40 | . 20 20 Successful Hack 4 | . . 4 Lose Combat Pursuer 60 | . 30 30 Influence Decreases 345 | . 195 150 Entered New Map 2 | . 2 . Time Decay 160 | . 70 90 Lost Part 73 | . 13 60 Purge Threat 110 | . 110 . Squads Dispatched 3 | . 1 2 Investigation 1 | . . 1 Extermination . | . . . Reinforcement 2 | . 1 1 Assault . | . . . Garrison . | . . . Intercept . | . . . Searches Triggered . | . . . Construction Impeded . | . . . Haulers Reinforced . | . . . Active Scanning Responses . | . . . Cargo Convoy Interrupts . | . . . Stealth | -11 -10 -9 --------- Run | Yrd Mat Mat Distress Signals 2 | . 1 1 Communications Jammed . | . . . Distress Signals . | . . . Times Spotted 33 | . 15 18 Peak Tracking Total 10 | . 7 10 Tactical Retreats 2 | . 1 1 Traps | -11 -10 -9 ------- Run | Yrd Mat Mat Traps Triggered 1 | . . 1 Indirectly . | . . . Trap Hack Attempts . | . . . Triggered . | . . . Disarmed . | . . . Reprogrammed . | . . . Reused . | . . . Traps Extracted . | . . . Installed . | . . . Triggered . | . . . Machines | -11 -10 -9 ---------- Run | Yrd Mat Mat Machines Disabled . | . . . Max in Single Turn . | . . . Machines Repaired . | . . . Machines Dismantled . | . . . Machines Sabotaged . | . . . Overloaded Fab Kills . | . . . Hacking | -11 -10 -9 --------- Run | Yrd Mat Mat Machines Accessed 4 | . 3 1 Terminals 4 | . 3 1 Fabricators . | . . . Repair Stations . | . . . Recycling Units . | . . . Scanalyzers . | . . . Garrison Access . | . . . Total Hacks 12 | . 9 3 Successful 4 | . 3 1 Failed 8 | . 6 2 Catastrophic . | . . . Database Lockouts . | . . . Manual . | . . . Terminals 12 | . 9 3 Fabricators . | . . . Repair Stations . | . . . Recycling Units . | . . . Scanalyzers . | . . . Garrison Access . | . . . Terminal Hacks 4 | . 3 1 Robot Analysis 1 | . 1 . Prototype ID Bank 1 | . 1 . Emergency Access Points 1 | . . 1 Unreport Threat 1 | . 1 . Fabricator Hacks . | . . . Repair Station Hacks . | . . . Recycling Unit Hacks . | . . . Scanalyzer . | . . . Garrison Access Hacks . | . . . Unauthorized Hacks . | . . . Terminals . | . . . Fabricators . | . . . Repair Stations . | . . . Recycling Units . | . . . Scanalyzers . | . . . Garrison Access . | . . . Data Cores Recovered . | . . . Used . | . . . Hacking Detections 4 | . 3 1 Full Trace Events . | . . . Feedback Events . | . . . Feedback Blocked . | . . . Robot Schematics Acquired . | . . . Robots Built . | . . . Authchips . | . . . Time . | . . . Total Robot Build Rating . | . . . Part Schematics Acquired . | . . . Parts Built . | . . . Authchips . | . . . Time . | . . . Total Part Build Rating . | . . . Part Studies Acquired . | . . . Parts Repaired . | . . . Time . | . . . Parts Recycled . | . . . Recycled Matter . | . . . Retrieved Matter . | . . . Retrieved Components . | . . . Parts Scanalyzed . | . . . Part Schematics Acquired . | . . . Parts Damaged . | . . . Bothacking | -11 -10 -9 ------------ Run | Yrd Mat Mat Used RIF Installer . | . . . Robots Hacked . | . . . Non-combat . | . . . Combat . | . . . Robot Hacks Applied . | . . . Relay Couplers Released . | . . . Fabnet Peak Effective % . | . . . Robots Rewired . | . . . Allies Hacked . | . . . Hacks Repelled . | . . . Allies | -11 -10 -9 -------- Run | Yrd Mat Mat Total Allies . | . . . Largest Group . | . . . Highest-Rated Group . | . . . Highest-Rated Ally . | . . . Total Orders . | . . . Ally Attacks . | . . . Total Damage . | . . . Kills . | . . . Allies Corrupted . | . . . Allies Melted . | . . . Intel | -11 -10 -9 ------- Run | Yrd Mat Mat Active Infowar (turns) 1 | . . 1 ECM 1 | . . 1 Robot Analysis Total 1 | . 1 . Derelict Logs Recovered . | . . . Drone Launches . | . . . Drone Recoveries . | . . . Exploration | -11 -10 -9 ------------- Run | Yrd Mat Mat Turns Passed 499 | 48 216 235 Spaces Moved 505 | 56 249 200 Core 505 | 56 249 200 Treads . | . . . Legs . | . . . Wheels . | . . . Hover . | . . . Flight . | . . . Fastest Speed 50 | 50 50 50 Average Speed 58 | 50 50 72 Slowest Speed 150 | 50 50 150 Overloaded Moves . | . . . Propulsion Burnouts . | . . . Robots Hopped . | . . . Potential Cave-ins . | . . . Cave-ins Triggered . | . . . Exploration Rate (%) 19 | 3 37 19 Regions Visited 2 Branch Regions . Pre-discovered Areas . | . . . Known Exits Taken . | . . . Unknown Exits Taken 2 | 1 1 . Scrap Searched . | . . . Spaces Dug . | . . . Terrain Destroyed . | . . . Melee . | . . . Projectile . | . . . AOE . | . . . Terrain Rammed . | . . . Walls Destroyed . | . . . Machines Disabled . | . . . Actions | -11 -10 -9 --------- Run | Yrd Mat Mat Total 644 | 68 314 262 Wait 30 | . 7 23 Move 503 | 55 248 200 Hop . | . . . Pick Up 18 | 2 8 8 Fast Attach . | . . . Attach 15 | 2 5 8 Detach . | . . . Swap 1 | . 1 . Drop 7 | . 6 1 Fire 66 | 9 35 22 Melee . | . . . Ram 4 | . 4 . Kick . | . . . Crush . | . . . Escape Stasis . | . . . Rewire . | . . . Trap . | . . . Miscellaneous . | . . . Route ------- -11/Scrapyard -10/Materials -9/Materials History --------- Turn | Location | Event 2 | -11/Scrapyard | Met Revision 17 4 | -11/Scrapyard | Discovered new exit (range 15) 49 | -11/Scrapyard | Entered Materials 185 | -10/Materials | Core integrity fell below 50% 212 | -10/Materials | Core integrity fell below 20% 248 | -10/Materials | Discovered new exit (range 12) 265 | -10/Materials | Entered another Materials area 265 | -9/Materials | Evolved 2 slots: Utility x2 347 | -9/Materials | Build established: Mutant 351 | -9/Materials | Core integrity fell below 50% 372 | -9/Materials | Lost 4 parts (2u2w) 429 | -9/Materials | Core integrity fell below 20% 500 | -9/Materials | Destroyed by G-34 Mercenary with Small Laser Last Messages --------------- Acquired 10 matter. Acquired Adv. Weight Redist. System. Med. Armor Plating destroyed. U-05 Engineer lays Concrete. U-05 Engineer destroyed. R-06 Scavenger collects Flight Unit. Acquired Sml. Storage Unit. Connecting with Terminal... Current location identified: Materials >>Access(Emergency) Found 1 emergency access door: (9,51) Map updated. K-01 Serf collects debris. W-16 Scout sends out distress signal. ALERT: Hostiles spotted, dispatching reinforcements to Terminal M003. K-01 Serf collects debris. Lgt. Assault Rifle destroyed. K-01 Serf cleans the Electrolysis Chamber. Map ----- +----------------------------------------------------+ | | | | | ?????????????????????????????????????????????????? | | ?????????????????????????????????????????????????? | | ?????????????????????????????????????????????????? | | ?????????????????????????????????????????????????? | | ?????????????????????????????????????????????????? | | ?????????????????????????????????????????????????? | | ?????????????????????????????????????????????????? | | ?????????????????????????????????????????????????? | | ?????????????????????????????????????????????????? | | ?????????????????????????????????????????????????? | | ?????????????????????????????????????????????????? | | ?????????????????????????????????????????????????? | | ?????????????????????????????????????????????????? | | ?????????????????????????????????????????????????? | | ?????????????????????? ??????????????????????????? | | ????????????????????## ##????????????????????????? | | ????????????????????# ????????????????????????? | | ???????????????????? ????????????????????????? | | ????????????????????# ????????????????????????? | | ????????????????????# #????????????????????????? | | ????????????????????# #######??????????????????? | | ????????????????????# # ss #??????????????????? | | ????????????????????# #s"""k#??????????????????? | | ??? ????????????????# #@""" #??????????????????? | | ???# ??????????????# #g""" #??????????????????? | | ##?# ??????????????# #g #??????????????????? | | # ??????????????# #g""" #??????????????????? | | # ?????????????# # """ #??????????????????? | | ?? / ?????????????#^ ^/ """ #??????????????????? | | ???# ?????????????# # #??????????????????? | | ???# ############## #######??????????????????? | | ???# #???????????????????????? | | ???#### ########## ????????????????? | | ??????# #????????# T +?????????????? | | ??????# #????????# "" ??????????????? | | ??????# #????????# # "Y ??????????????? | | ??????# #????????####### "" ? #??????????????? | | ??????# #??????????????? ??????????????????? | | ??????# #???????????????? ?????????????????? | | ??????# #????????????????[ ????????????????? | | ??????# #????????????????? ????????????????? | | ??????# ##???????????????? ????????????????? | | ??????# T#????????????????? ? ?????????????????? | | ####### ##?????????????????????????????????????? | | ^ #??????????????????????????????????????? | | ^ #??????????????????????????????????????? | | #??????????????????????????????????????? | | # #??????????????????????????????????????? | +----------------------------------------------------+ Best States ------------- Heat Dissipation 28 Energy Generation 5 Energy Capacity 100 Matter Stores 300 Matter Capacity 300 Sight Range 16 Terrain Scan Density 10 Additional Mass Support 9 Armor Coverage 225 Evasion (%) 50 Item Schematics ----------------- None Robot Schematics ------------------ None Fabricated ------------ Nothing Repaired ---------- Nothing Studied --------- None Alien Tech Used ----------------- None Achievements -------------- You Again Challenges ------------ None Game ------ Seed StasisWardroneFemtoactuators Manual? 0 Play Time 00:13:57 Cumulative 5.5 hours Start 2026.01.03 @ 00:17:08 End 2026.01.03 @ 00:27:56 Sessions 1 Manual Loads 0 Difficulty Rogue Special Mode None Game No. 14 Rogue 14 Adventurer 0 Explorer 0 Win Type - Total 0 Types 0/0/0/0/0/0/0/0/0/0 Lore% 5 Gallery% 9 Achievement% 9 Wizard Run 0 Options --------- Layout 1 ASCII 0 Keyboard 0 Movement Mouse Keybinds 0 Fullscreen 1 Font 32/SmallcapsGlow Map View 50x35 Zoom Use 0% Tactical HUD 0 Map Filters NONE Filters NONE Steam 1 RUN: 809e22b7-9d67-46f3-833b-bb1acd58a886